AoeStats
← Faze_Plo

Arabia

509556905Analyzed
1v1 RM · 3d ago on Sep 27, 2026· 18m 28s· 2 players
Game mode
Random Map
Map size
Tiny (2 player)
Population
200
Speed
Normal
Resources
Standard
Victory
Conquest
Starting age
Dark Age
Ending age
Imperial Age
RankedLock teamsTeams togetherTeam positionsShared explorationLock speedFull tech treeHidden civsTurbo modeCheats
Victory
Defeat
🇺🇸 Maya · United States
955
+15
🇲🇽 Italians · Mexico
931
-15
[VL] Meb
8:31 Loom
10:16 Feudal Age
9:05 Loom
13:52 Wheelbarrow
13:13 Double-Bit Axe
13:11 Horse Collar
Faze_Plo
0:25 Loom
10:28 Feudal Age
13:05 Double-Bit Axe
15:56 Fletching
16:17 Forging
16:07 Padded Archer Armor
18:19 Double-Bit Axe
Connection lost

Rejoining the realm…

Still unreachable

The connection could not be restored.

Session expired

The server has moved on; the page needs a fresh start.